 Dungeon Crawl Stone Soup version 0.31-a0-920-g28cbb04a8c (webtiles) character file.

Game seed: 7915958483833893449

1114 p00ps00p the Trooper (level 8, -2/71 HPs)
             Began as a Hill Orc Fighter on Oct 17, 2023.
             Slain by a killer bee (3 damage)
             ... on level 6 of the Dungeon.
             The game lasted 00:09:27 (5802 turns).

p00ps00p the Trooper (Hill Orc Fighter)             Turns: 5802, Time: 00:09:28

Health: -2/71      AC: 10    Str: 19    XL:     8   Next: 34%
Magic:  8/8        EV:  8    Int:  8    God:
Gold:   185        SH:  5    Dex: 12    Spells: 7/7 levels left

rFire   . . .        a - +0 war axe
rCold   . . .        c - +0 buckler
rNeg    . . .        o - +0 chain mail
rPois   .            (no helmet)
rElec   .            j - scarf {repulsion}
rCorr   .            (no gloves)
SInv    .            (no boots)
Will    .....        (no amulet) Stlth
                     (no ring)
HPRegen 0.31/turn    (no ring)
MPRegen 0.11/turn

%: repel missiles
@: mighty, lethally poisoned (-2 -> -11)
A: no striking features
a: no special abilities


You were on level 6 of the Dungeon.
You visited 1 branch of the dungeon, and saw 6 of its levels.

You collected 185 gold pieces.

Inventory:

Hand Weapons
 a - a +0 war axe (weapon)
Missiles
 n - 2 poisoned darts (quivered)
 p - a throwing net
 q - 2 silver javelins
Armour
 b - a +0 scale mail
 c - a +0 buckler (worn)
 j - a scarf of repulsion (worn)
 o - a +0 chain mail (worn)
Scrolls
 g - 2 scrolls of poison
 s - a scroll of enchant weapon
 t - 2 scrolls of enchant armour {unknown}
Potions
 d - a potion of might
 e - a potion of resistance
 f - a potion of berserk rage {unknown}
 h - a potion of ambrosia {unknown}
 l - a potion of degeneration {unknown}
 m - a potion of magic {unknown}
 r - a potion of brilliance {unknown}
 u - a potion of attraction {unknown}


   Skills:
 + Level 6.8 Fighting
 - Level 6.3 Axes
 - Level 5.9 Armour
 * Level 2.0 Dodging
 - Level 5.8 Shields


You had 7 spell levels left.
You didn't know any spells.
Your spell library contained the following spells:

 Spells                   Type           Power      Damage    Failure   Level
 Sandblast                Erth           0%         2d4       98%         1
 Shock                    Conj/Air       0%         1d3       98%         1
 Cigotuvi's Dreadful Rot  Necr/Pois/Air  0%         N/A       99%         2
 Passwall                 Tmut/Erth      0%         N/A       99%         2
 Inner Flame              Hex/Fire       0%         N/A       100%        3
 Stone Arrow              Conj/Erth      0%         3d7       100%        3
 Swiftness                Air            0%         N/A       100%        3
 Airstrike                Air            0%         2d(0-16)  100%        4
 Brom's Barrelling Bould  Conj/Erth      0%         2d3       100%        4
 Dispel Undead            Necr           0%         3d6       100%        4
 Vhi's Electric Charge    Tloc/Air       0%         N/A       100%        4
 Arcjolt                  Conj/Air       0%         1d10      100%        5
 Yara's Violent Unravell  Hex/Tmut       0%         3d3       100%        5
 Death Channel            Necr           0%         N/A       100%        6
 Plasma Beam              Fire/Air       0%         2x1d10    100%        6
 Enfeeble                 Hex            0%         N/A       100%        7


Dungeon Overview and Level Annotations

Branches:
Dungeon (6/15)             Temple (0/1) D:6

Altars:
Ashenzari
Dithmenos
Makhleb
Nemelex Xobeh
Okawaru
Trog
Wu Jian
Xom

Shops:
D:4 [*


Message History

The killer bee barely misses you.
You feel sick. The killer bee stings you.
The killer bee stings you but does no damage.
You block the killer bee's attack.
You feel sick.
There is an open door here.
You feel better. The killer bee stings you.
You are poisoned.
The killer bee poisons you!
The killer bee stings you but does no damage. x2
Okay, then.
You miss the killer bee.
The killer bee is moderately wounded.
You slash the killer bee!
You kill the killer bee!
You slash the killer bee!
You feel sick. The killer bee closely misses you.
The killer bee stings you but does no damage.
The white imp gestures at you. The puff of frost hits you.
* * * LOW HITPOINT WARNING * * *
The killer bee stings you but does no damage.
The killer bee barely misses you.
Your life force feels restored.
Your Dodging skill increases to level 2!
You feel sick. The killer bee completely misses you.
You barely miss the killer bee.
The killer bee is moderately wounded.
You miss the killer bee.
You feel sick. You block the killer bee's attack.
The killer bee barely misses you. The killer bee stings you!
* * * LOW HITPOINT WARNING * * *
You are lethally poisoned!
The killer bee poisons you! The killer bee stings you.
* * * LOW HITPOINT WARNING * * *
You slash the killer bee!
The killer bee is severely wounded.
You closely miss the killer bee.
* * * LOW HITPOINT WARNING * * *
You feel very sick. The killer bee stings you.
You die...

.>.......$.
P.P.>.....
.........
#...))###########
#.....##........#
+.....l.........#
#....o##........#
#.....#####y#####
#.....##..@y#
#.....##.####
########.# #.#
#.# #.# #.# #.#
#.#


You could see 2 killer bees.

Vanquished Creatures
  Eustachio (D:5)
  An ice beast (D:5)
  A phantom (D:4)
  Blork the orc (D:5)
  2 scorpions
  A killer bee (D:6)
  A howler monkey (D:4)
  A hound (D:4)
  4 jellies
  An orc priest (D:4)
  3 iguanas
  A sleepcap (D:5)
  2 orc wizards
  6 adders
  4 gnolls (D:4)
  2 worms (D:2)
  18 orcs
  17 endoplasms
  3 giant cockroaches
  4 goblins
  6 hobgoblins
  11 kobolds
  9 quokkas
  5 ball pythons
  4 bats
  4 frilled lizards (D:1)
  2 rats (D:2)
115 creatures vanquished.

Notes
Turn   | Place    | Note
-------+----------+-------------------------------------------
     0 | D:1      | p00ps00p the Hill Orc Fighter began the quest for the Orb.
     0 | D:1      | Reached XP level 1. HP: 19/19 MP: 1/1
   249 | D:1      | Reached XP level 2. HP: 27/27 MP: 2/2
  1206 | D:2      | Reached XP level 3. HP: 29/33 MP: 3/3
  1670 | D:2      | Reached XP level 4. HP: 25/40 MP: 4/4
  2279 | D:3      | Reached XP level 5. HP: 24/47 MP: 5/5
  3077 | D:4      | Reached skill level 5 in Fighting
  3077 | D:4      | Reached XP level 6. HP: 26/56 MP: 6/6
  3395 | D:4      | Reached skill level 5 in Axes
  3570 | D:4      | Reached skill level 5 in Armour
  3570 | D:4      | Reached skill level 5 in Shields
  3570 | D:4      | Reached XP level 7. HP: 55/61 MP: 7/7
  3609 | D:4      | Found Umataut's General Store.
  3620 | D:4      | Found Ygamyash's Antique Armour Shoppe.
  3688 | D:4      | Found an ornate altar of the Wu Jian Council.
  3752 | D:4      | Found a broken altar of Ashenzari.
  3757 | D:4      | Saw a vision of the Swamp and the Snake Pit.
  3757 | D:4      | Noticed a black mamba
  3757 | D:4      | Noticed a naga mage
  3757 | D:4      | Noticed a black mamba
  3757 | D:4      | Noticed a naga
  3757 | D:4      | Noticed a naga
  3757 | D:4      | Noticed a black mamba
  3757 | D:4      | Noticed a naga
  3757 | D:4      | Noticed a naga
  3757 | D:4      | Noticed a naga warrior
  3757 | D:4      | Noticed a naga ritualist
  3757 | D:4      | Noticed a goliath frog
  3757 | D:4      | Noticed a naga warrior
  3758 | D:4      | Noticed a mana viper
  3759 | D:4      | Noticed a vampire mosquito
  3759 | D:4      | Noticed a swamp dragon
  4140 | D:5      | Entered Level 5 of the Dungeon
  4394 | D:5      | Found an iron altar of Okawaru.
  4509 | D:5      | Found a sparkling altar of Nemelex Xobeh.
  4885 | D:5      | Noticed Blork the orc
  4894 | D:5      | Killed Blork the orc
  4895 | D:5      | Reached XP level 8. HP: 69/71 MP: 8/8
  5185 | D:5      | Noticed Eustachio
  5203 | D:5      | Killed Eustachio
  5204 | D:5      | Reached skill level 1 in Dodging
  5282 | D:5      | Found a shadowy altar of Dithmenos.
  5432 | D:5      | Found a burning altar of Makhleb.
  5432 | D:5      | Found a faded altar of an unknown god.
  5439 | D:5      | Found a bloodstained altar of Trog.
  5441 | D:5      | Found a shimmering altar of Xom.
  5443 | D:5      | Found a faded altar of an unknown god.
  5770 | D:6      | Found a staircase to the Ecumenical Temple.
  5802 | D:6      | HP: 1/71 [poisoned by a killer bee]
  5802 | D:6      | Slain by a killer bee

Illustrated notes

Levels and vault maps discovered:
D:1:      kilobyte_arrival_exit_the_forest, layout_basic,
          roderic_serpentine_path, chequers_mini_garden, minmay_misc_feat_five
D:2:      layout_loops_ring
D:3:      cheibrodos_fertilizer, layout_basic, nicolae_overflow_hidden_temple,
          nrook_campfire
D:4:      layout_rooms, nicolae_wu_jian_immortal_techniques,
          grunt_ashenzari_visionary [grunt_ashenzari_visionary_swamp,
          grunt_ashenzari_visionary_snake], serial_shops, nicolae_shop_trees,
          shop, serial_curves, eino_curves_02, eino_curves_04
D:5:      layout_layer_cave, chequers_temple_overflow_minitemple,
          mainiacjoe_overflow_tiny_flanked, okawaru_gym_becter,
          mainiacjoe_overflow_brackets, corexii_shack, uniq_eustachio,
          uniq_blork_the_orc
D:6:      layout_basic, minmay_temple_entry_trees, grunt_ministairs_10,
          guppyfry_early_elven_hall

Skill      XL: |  1  2  3  4  5  6  7  8 |
---------------+-------------------------+-----
Axes           | 3 4 5 6 |  6.3
Fighting       | 4 5 6 |  6.8
Armour         | 4 5 |  5.9
Shields        | 4 5 |  5.8
Dodging        | 2 |  2.0

Action                     |  1- 3 |  4- 6 |  7- 9 || total
---------------------------+-------+-------+-------++-------
  Melee: War axe           |   140 |   141 |   139 ||   420
    Use: Scroll            |     5 |     1 |     3 ||     9
         Potion            |       |     3 |     7 ||    10
 Armour: Scale mail        |    45 |       |       ||    45
         Chain mail        |    76 |   150 |   165 ||   391
  Dodge: Dodged            |    55 |    60 |    69 ||   184
         Repelled          |       |       |     1 ||     1
  Block: Buckler           |    34 |    33 |    46 ||   113

Table legend: (Time is in decaauts)
 A = Elapsed time spent in this place.
 B = Non-inter-level travel time spent in this place.
 C = Inter-level travel time spent in this place.
 D = Time resting spent in this place.
 E = Time spent auto-exploring this place.
 F = Levels seen in this place.
 G = Mean time per level.
                   A        B        C        D        E       F      G
               +--------+--------+--------+--------+--------+-----+--------+
         Total |   5935 |   5735 |    200 |    336 |   4426 |   6 |  989.2 |
       Dungeon |   5935 |   5735 |    200 |    336 |   4426 |   6 |  989.2 |
               +--------+--------+--------+--------+--------+-----+--------+

Top non-repeatable levels by time:
     D:5: 1603 daAuts
     D:1: 1169 daAuts
     D:3: 1121 daAuts
     D:4: 1108 daAuts
     D:2: 851 daAuts
     D:6: 82 daAuts
